 Dungeon Crawl Stone Soup version 0.31.0-32-g396128a36d (webtiles) character file.

Game seed: 2727567447604318787

191 AarnesTheHuman the Trooper (level 5, -20/47 HPs)
             Began as a Minotaur Berserker on Apr 19, 2024.
             Was a Priest of Trog.
             Engulfed by a cloud of flame (31 damage)
             ... on level 4 of the Dungeon.
             The game lasted 00:03:03 (2274 turns).

AarnesTheHuman the Trooper (Minotaur Berserker)     Turns: 2274, Time: 00:03:03

Health: -20/47     AC:  2    Str: 29    XL:     5   Next: 41%
Magic:  4/4        EV: 12    Int:  4    God:    Trog [***...]
Gold:   161        SH:  0    Dex: 10    Spells: 4/4 levels left

rFire   . . .        a - +1 halberd (vamp)
rCold   . . .        (shield currently unavailable)
rNeg    . . .        b - +0 animal skin
rPois   .            (helmet restricted)
rElec   .            (no cloak)
rCorr   .            (no gloves)
SInv    .            (no boots)
Will    .....        (no amulet)
Stlth   +            i - +6 ring of strength
HPRegen 0.27/turn    (no ring)
MPRegen 0.09/turn

%: no passive effects
@: no status effects
A: horns 2, retaliatory headbutt
a: Renounce Religion, Berserk, Trog's Hand


You were on level 4 of the Dungeon.
You worshipped Trog.
Trog was most pleased with you.
You visited 1 branch of the dungeon, and saw 4 of its levels.

You collected 161 gold pieces.

Inventory:

Hand Weapons
 a - a +1 vampiric halberd (weapon)
 c - a +0 hand axe
Missiles
 g - 26 stones (quivered)
 k - 11 poisoned darts
Armour
 b - a +0 animal skin (worn)
Jewellery
 i - a +6 ring of strength (left hand)
Wands
 n - a wand of flame (23)
Scrolls
 d - a scroll of identify
 e - 3 scrolls of noise
 f - 2 scrolls of immolation
Potions
 h - a potion of might
 j - a potion of resistance {unknown}
 m - a potion of haste {unknown}
 o - a potion of heal wounds {unknown}


   Skills:
 + Level 4.8 Fighting
 - Level 3.8(4.3) Axes
 + Level 2.7(3.7) Polearms
 + Level 3.9 Armour
 + Level 3.7 Dodging


You had 4 spell levels left.
You didn't know any spells.
Your spell library was empty.

Dungeon Overview and Level Annotations

Branches:
Dungeon (4/15)             Temple (0/1) D:4

Altars:

Shops:
D:1 *


Innate Abilities, Weirdness & Mutations

You have a pair of horns on your head.
You reflexively headbutt those who attack you in melee.


Message History

Trog accepts your kill.
No target in view!
No target in view!
You see here a +0 club.
There is an open door here.
You open the door.
There is an open door here.
Done exploring.
Done exploring.
Done exploring.
Done exploring.
Search for what [Enter for "."]? .
There is a stone staircase leading down here.
You climb downwards.
There is a stone staircase leading up here.
As you read the scroll labelled AGHAHATHRIAVO, it crumbles to dust.
It is a scroll of identify.
h - a potion of might
As you read the scroll labelled ASAGAL ETHUBBI, it crumbles to dust.
You hear a loud clanging noise!
It was a scroll of noise.
You hear a shout! x2
A hobgoblin comes into view.
As you read the scroll labelled RUFESTR SATAPSEDOE, it crumbles to dust.
The creatures around you are filled with an inner flame!
It was a scroll of immolation.
As you read the scroll labelled LETUOTWUKHON, it crumbles to dust.
You feel aware of your surroundings.
You sensed 4 altars.
It was a scroll of revelation.
A hobgoblin comes into view.
Found 5 stones.
You slice the hobgoblin!! Trog accepts your kill.
The hobgoblin explodes!
The fiery explosion engulfs you!!!
Ouch! That really hurt!
* * * LOW HITPOINT WARNING * * *
You are engulfed in blazing flames.
Ouch! That really hurt!
You die...

+******* **,*,*,* ,*
**,,*,#.# ,*
#..##.#.####### ,*
#.###......#### ,**
*#.#####..###### ,,*
****..#####..######
******,,,.######§§######
*<,,,,,,,......§.§######
*,,,,,,,,.##...§@§######
*,*,,**,*.##.#....######
*,,,,,,,*.##.#..<.######
*,,,,,,,*..#.##...######
*,*,,,*,*..#.##...######
*,,,,,,,*..#.##...######
*,,,,,,,*..#.##...######
*,*,,,*,*..#.##..g######
*,,,,,,,*..#..........(#


You could see a hobgoblin.

Vanquished Creatures
  Ijyb (D:3)
  3 adders (D:2)
  4 gnolls (D:2)
  A ribbon worm (D:3)
  5 dart slugs
  5 ball pythons
  11 bats
  5 endoplasms
  4 giant cockroaches
  7 goblins
  8 hobgoblins
  4 jackals (D:1)
  3 quokkas
  7 frilled lizards
  12 kobolds
  9 rats
89 creatures vanquished.

Vanquished Creatures (others)
  A kobold (D:1)
1 creature vanquished.

Grand Total: 90 creatures vanquished

Notes
Turn   | Place    | Note
-------+----------+-------------------------------------------
     0 | D:1      | AarnesTheHuman the Minotaur Berserker began the quest for
                  | the Orb.
     0 | D:1      | Reached XP level 1. HP: 19/19 MP: 0/0
    84 | D:1      | Reached XP level 2. HP: 14/27 MP: 1/1
   344 | D:1      | Reached skill level 4 in Fighting
   390 | D:1      | Reached XP level 3. HP: 33/33 MP: 2/2
   420 | D:1      | Reached skill level 1 in Polearms
   438 | D:1      | Reached ** piety under Trog
   551 | D:1      | Found a faded altar of an unknown god.
   818 | D:1      | Found Unte's Assorted Antiques.
  1039 | D:2      | Reached XP level 4. HP: 39/40 MP: 3/3
  1520 | D:2      | Reached XP level 5. HP: 47/47 MP: 4/4
  1739 | D:3      | Reached *** piety under Trog
  1833 | D:3      | Noticed Ijyb
  1840 | D:3      | Killed Ijyb
  2274 | D:4      | Engulfed by a cloud of flame

Illustrated notes

Levels and vault maps discovered:
D:1:      dpeg_arrival_leaves_temple_mockup, layout_loops_ring, serial_shops,
          nicolae_shop_back_alley_shop, hellmonk_ecumenical_altar_prayer_group
D:2:      layout_loops_ring, serial_glass, glass_columns_c, glass_columns_b,
          glass_columns_c, minmay_indecisive_spiral
D:3:      kennysheep_six_static_rooms, layout_basic, hex_intersection, uniq_ijyb
D:4:      layout_basic, mainiacjoe_overflow_catwalk,
          mainiacjoe_overflow_catwalk_spiral, nicolae_sif_muna_little_library,
          temple_hall, kennysheep_generic_room_9

Skill      XL: |  1  2  3  4 |
---------------+-------------+-----
Fighting       | 4 |  4.8
Polearms       | 1 2 |  2.7
Armour         | 3 |  3.9
Dodging        | 3 |  3.7
Axes           | |  3.8

Action                     |  1- 3 |  4- 6 || total
---------------------------+-------+-------++-------
  Melee: Hand axe          |    20 |       ||    20
         Headbutt          |     6 |     8 ||    14
         Halberd           |    74 |    70 ||   144
    Use: Scroll            |       |     4 ||     4
   Stab: Sleeping          |     1 |     3 ||     4
 Armour: Animal skin       |    45 |    29 ||    74
  Dodge: Dodged            |    65 |    32 ||    97
